 Dungeon Crawl Stone Soup version 0.32-a0-616-g9348d4545b (webtiles) character file.

Game seed: 16685577799838321403

574 ragingrage the Carver (level 7, -2/52 HPs)
             Began as a Human Chaos Knight on Mar 5, 2024.
             Was a Plaything of Xom.
             Slain by an ice devil (5 damage)
             ... summoned by Xom
             ... on level 5 of the Dungeon.
             The game lasted 00:04:32 (4443 turns).

ragingrage the Carver (Human Chaos Knight)          Turns: 4443, Time: 00:04:33

Health: -2/52      AC:  8    Str: 10 (12) XL:     7   Next: 34%
Magic:  7/7        EV: 11    Int: 11 (12) God:    Xom [....*.]
Gold:   327        SH:  0    Dex: 11 (13) Spells: 6/6 levels left

rFire   + . .        a - +4 falchion
rCold   + . .        (no shield)
rNeg    . . .        w - +2 leather armour
rPois   +            (no helmet)
rElec   +            (no cloak)
rCorr   +            e - +1 pair of gloves
SInv    .            h - +0 pair of boots
Will    .....        (no amulet)
Stlth   ++           (no ring)
HPRegen 0.28/turn    (no ring)
MPRegen 0.10/turn

%: no passive effects
@: resistant
A: explore regen, clumsy 1, MP-powered wands
a: Renounce Religion


You were on level 5 of the Dungeon.
You worshipped Xom.
You were a beloved toy of Xom.
You visited 1 branch of the dungeon, and saw 5 of its levels.

You collected 327 gold pieces.

Inventory:

Hand Weapons
 a - a +4 falchion (weapon)
 b - a +2 dagger of venom
 r - a +0 falchion of chaos
 x - a +4 dagger of chaos
Armour
 e - a +1 pair of gloves (worn)
 h - a +0 pair of boots (worn)
 w - a +2 leather armour (worn)
Scrolls
 o - a scroll of noise
 s - a scroll of fog
Potions
 d - 3 potions of mutation
 g - a potion of cancellation


   Skills:
 - Level 3.0 Fighting
 + Level 8.0 Long Blades
 - Level 2.0 Armour
 - Level 1.0 Dodging
 - Level 2.0 Stealth


You had 6 spell levels left.
You didn't know any spells.
Your spell library contained the following spells:

 Spells                   Type           Power      Damage    Failure   Level
 Necrotise                Necr           0%         1d4       43%         1
 Vampiric Draining        Necr           0%         2d6       80%         3
 Martyr's Knell           Necr/Summ      0%         N/A       99%         4
 Curse of Agony           Necr           0%         N/A       100%        5


Dungeon Overview and Level Annotations

Branches:
Dungeon (5/15)
 Temple: D:4-7

Altars:
Gozag
Kikubaaqudgha
Sif Muna
Vehumet
Wu Jian
Xom
Yredelemnul

Annotations:
D:3 1 runed translucent door


Innate Abilities, Weirdness & Mutations

You regain HP and MP as you explore.
You are clumsy. (Dex -2)
You expend magic power (3 MP) to strengthen your wands.


Message History

The ufetubus hits you.
* * * LOW HITPOINT WARNING * * *
The ufetubus hits you but does no damage.
The ufetubus misses you.
The ufetubus hits you but does no damage.
The ufetubus closely misses your butterfly.
The ufetubus completely misses your butterfly.
Okay, then.
Okay, then.
You feel protected. The ufetubus hits your butterfly.
Your butterfly dies!
Your butterfly disappears in a burst of colours!
The ufetubus hits you but does no damage.
The ufetubus barely misses you. The ice devil misses you.
The ufetubus completely misses your butterfly. x2
The ice devil hits your butterfly.
Your butterfly dies!
Your butterfly disappears in a burst of colours!
The ufetubus attacks as it pursues you!
The ufetubus hits you but does no damage.
The ufetubus barely misses you.
The ufetubus seems to regain its courage.
The ufetubus attacks as it pursues you! The ufetubus closely misses you. x2
The ufetubus slips past you! The ufetubus closely misses you.
The ufetubus misses you.
a - a +4 falchion (weapon)
You slash the ufetubus!
The ufetubus hits you but does no damage.
The ufetubus hits you.
* * * LOW HITPOINT WARNING * * *
The ice devil hits you but does no damage.
The ufetubus misses you. The ufetubus closely misses you.
You hit the ufetubus.
You kill the ufetubus!
The ufetubus disappears in a puff of smoke!
The ice devil hits you.
* * * LOW HITPOINT WARNING * * *
The ice devil freezes you. You resist.
You die...

***.####......##.#<#####.## #.#
*,,,..*#..###.>#.#######.## #.#
,,,,,..#..* ##.#.........## #.#
....,,.#..* ##.############ #.#
..._,,,..#* ##.#....####### #.#
....,,,#.#####.#.##.####### #.#
....,,,#.......#.##.####### #.#
*...,,*#.).....#ยง##.####### #.#
###.####.[.....#@##.####### #.#
.........#.###.#4##.#########o###
.#..<..###.###.#.....{.....)5{bb.
*#####.#*#.###.####.#########b##b
,,,,,.....,..#.4....####### #..b.
****##.###,#.############## ###..
,,,,,#..,,,*.############## #..
****,###****.############## #..
*,* *,* #..


You could see an ice devil (summoned).

Vanquished Creatures
  Menkaure (D:5)
  A scorpion (D:4)
  A killer bee (shapeshifter) (D:5)
  A howler monkey (D:4)
  An orc priest (D:5)
  5 orc wizards (D:4)
  7 adders
  A white imp (D:5)
  3 dart slugs
  2 ribbon worms
  6 orcs
  4 bats
  7 endoplasms
  4 giant cockroaches
  2 goblins
  9 hobgoblins
  3 jackals (D:4)
  2 quokkas
  7 ball pythons
  3 frilled lizards
  8 kobolds
  3 rats
81 creatures vanquished.

Vanquished Creatures (collateral kills)
  A giant cockroach (D:2)
1 creature vanquished.

Grand Total: 82 creatures vanquished

Notes
Turn   | Place    | Note
-------+----------+-------------------------------------------
     0 | D:1      | ragingrage the Human Chaos Knight began the quest for the
                  | Orb.
     0 | D:1      | Reached XP level 1. HP: 18/18 MP: 1/1
   144 | D:1      | XOM: silly message
   157 | D:1      | Reached XP level 2. HP: 24/24 MP: 2/2
   191 | D:1      | XOM: silly message
   345 | D:1      | Reached skill level 1 in Stealth
   349 | D:1      | XOM: smoke on damage
   349 | D:1      | XOM: torment (13/24 hp)
   439 | D:1      | XOM: swap monsters
   687 | D:2      | Reached XP level 3. HP: 27/29 MP: 3/3
   751 | D:2      | XOM: summons 2 hostile shadow creatures
   833 | D:2      | Reached skill level 4 in Long Blades
   920 | D:2      | Reached XP level 4. HP: 32/35 MP: 4/4
  1200 | D:3      | Found a runed translucent door.
  1200 | D:3      | Noticed a human
  1725 | D:3      | Found a basalt altar of Yredelemnul.
  1856 | D:3      | XOM: smoke on damage
  1910 | D:3      | XOM: stat loss: -1 Dex (14/15)
  1932 | D:3      | Reached skill level 5 in Long Blades
  2089 | D:3      | XOM: give mutation
  2089 | D:3      | Gained mutation: You expend magic power (3 MP) to
                  | strengthen your wands. [Xom's mischief]
  2187 | D:4      | Found an opulent altar of Gozag.
  2187 | D:4      | Found an ornate altar of the Wu Jian Council.
  2340 | D:4      | Reached XP level 5. HP: 36/41 MP: 5/5
  2467 | D:4      | Found a radiant altar of Vehumet.
  2468 | D:4      | XOM: chaos upgrade
  2534 | D:4      | Found an ancient bone altar of Kikubaaqudgha.
  2572 | D:4      | Reached skill level 6 in Long Blades
  2574 | D:4      | Got Kikubaaqudgha's Tome of Ectoplasm
  2657 | D:4      | Found a shimmering blue altar of Sif Muna.
  2664 | D:4      | Reached XP level 6. HP: 45/47 MP: 6/6
  2782 | D:4      | XOM: 7-stop teleportation journey
  3372 | D:5      | Entered Level 5 of the Dungeon
  3567 | D:5      | Found a shimmering altar of Xom.
  3641 | D:4      | Reached skill level 7 in Long Blades
  3709 | D:5      | an orc priest changed into a shapeshifter
  3709 | D:5      | Noticed a shapeshifter (shapeshifter)
  3709 | D:5      | XOM: polymorph orc priest -> shapeshifter
  3709 | D:5      | a shapeshifter changed into a kobold
  3897 | D:5      | Noticed Menkaure
  3905 | D:5      | XOM: give mutation
  3905 | D:5      | Gained mutation: You are clumsy. (Dex -2) [Xom's mischief]
  4117 | D:5      | Killed Menkaure
  4118 | D:5      | Reached XP level 7. HP: 27/52 MP: 7/7
  4413 | D:5      | HP: 3/78 [orc/+0 war axe (8)]
  4418 | D:5      | XOM: summons 3 hostile demons
  4419 | D:5      | Noticed an ice devil
  4420 | D:5      | Reached skill level 8 in Long Blades
  4420 | D:5      | HP: 3/78 [ufetubus[Xom] (1)]
  4443 | D:5      | Slain by an ice devil

Illustrated notes

Levels and vault maps discovered:
D:1:      ncdulo_smallfort, layout_basic
D:2:      layout_rooms, minmay_tetromino_s2
D:3:      layout_loops_corners, dk_yredelemnul_ordeal, dreamdust_wishing_well
D:4:      layout_basic, palyth_temple_overflow_mages, jmf_multi_god_temple,
          kennysheep_minor_cross
D:5:      layout_basic, old_standard_altar, mainiacjoe_overflow_paths,
          eat_drink_and_be_merry_uskayaw, uniq_duvessa, uniq_menkaure

Skill      XL: |  1  2  3  4  5  6  7 |
---------------+----------------------+-----
Stealth        | 1 2 |  2.0
Long Blades    | 4 5 6 7 8 |  8.0
Fighting       | |  3.0
Armour         | |  2.0
Dodging        | |  1.0

Action                     |  1- 3 |  4- 6 |  7- 9 || total
---------------------------+-------+-------+-------++-------
  Melee: Falchion          |    98 |   166 |    10 ||   274
         Dagger            |       |     7 |       ||     7
         Unarmed           |       |       |     4 ||     4
    Use: Scroll            |     1 |     2 |     7 ||    10
         Potion            |       |     6 |     5 ||    11
   Stab: Sleeping          |     3 |     5 |       ||     8
         Paralysed         |     1 |       |       ||     1
 Armour: Leather armour    |    78 |   145 |    22 ||   245
         Skin              |       |       |     8 ||     8
  Dodge: Dodged            |    62 |    93 |    18 ||   173

Table legend: (Time is in decaauts)
 A = Elapsed time spent in this place.
 B = Non-inter-level travel time spent in this place.
 C = Inter-level travel time spent in this place.
 D = Time resting spent in this place.
 E = Time spent auto-exploring this place.
 F = Levels seen in this place.
 G = Mean time per level.
                   A        B        C        D        E       F      G
               +--------+--------+--------+--------+--------+-----+--------+
         Total |   4450 |   4148 |    302 |    609 |   2717 |   5 |  890.0 |
       Dungeon |   4450 |   4148 |    302 |    609 |   2717 |   5 |  890.0 |
               +--------+--------+--------+--------+--------+-----+--------+

Top non-repeatable levels by time:
     D:4: 1659 daAuts
     D:3: 986 daAuts
     D:5: 674 daAuts
     D:1: 577 daAuts
     D:2: 553 daAuts
